 Dungeon Crawl Stone Soup version 0.30-a0-965-g42e074c17a (webtiles) character file.

Game seed: 7160496394335388699

306 cforsyth the Cudgeller (level 6, -4/51 HPs)
             Began as a Formicid Fighter on Mar 30, 2023.
             Killed by divine providence
             ... invoked by an orc priest
              (11 damage)
             ... on level 4 of the Dungeon.
             The game lasted 00:05:06 (3135 turns).

cforsyth the Cudgeller (Formicid Fighter)           Turns: 3135, Time: 00:05:07

Health: -4/51      AC: 11    Str: 22    XL:     6   Next: 67%
Magic:  6/6        EV:  6    Int:  8    God:
Gold:   147        SH:  5    Dex: 13    Spells: 5/5 levels left

rFire   . . .      SeeInvis +    e - +4 morningstar
rCold   . . .      Faith    .    c - +0 buckler
rNeg    . . .      Spirit   .    h - +0 plate armour
rPois   .          Reflect  .    (helmet unavailable)
rElec   .          Rampage  .    (no cloak)
rCorr   .                        (no gloves)
Will    .....                    (no boots) Stlth
                                 (no amulet)
HPRegen 0.28/turn                (no ring)
MPRegen 0.10/turn                (no ring)

@: lethally poisoned (-4 -> -18)
A: permanent stasis, dig shafts and tunnels, antennae 3, four strong arms
a: Dig, Shaft Self


You were on level 4 of the Dungeon.
You visited 1 branch of the dungeon, and saw 4 of its levels.
You also visited: Sewer.

You collected 147 gold pieces.

Inventory:

Hand Weapons
 a - a +0 flail
 e - a +4 morningstar (weapon)
Armour
 b - a +0 scale mail
 c - a +0 buckler (worn)
 h - a +0 plate armour (worn)
Scrolls
 f - 3 scrolls of teleportation
 p - 2 scrolls of identify
Potions
 d - a potion of might
 g - a potion of cancellation
 i - a potion of magic
 j - a potion of degeneration {unknown}
 k - 2 potions of curing {unknown}
 l - a potion of lignification {unknown}
 n - a potion of attraction {unknown}
 o - a potion of mutation {unknown}
Miscellaneous
 m - a condenser vane


   Skills:
 + Level 5.1 Fighting
 * Level 5.5 Maces & Flails
 - Level 3.2 Armour
 - Level 4.0 Shields


You had 5 spell levels left.
You didn't know any spells.
Your spell library contained the following spells:

 Spells                   Type           Power      Damage    Failure   Level
 Sandblast                Erth           0%         2d4       100%        1
 Passwall                 Tmut/Erth      0%         N/A       100%        2
 Dazzling Flash           Conj/Hex       0%         N/A       100%        3
 Stone Arrow              Conj/Erth      0%         3d7       100%        3
 Agony                    Necr           0%         N/A       100%        5
 Silence                  Hex/Air        0%         N/A       100%        5


Dungeon Overview and Level Annotations

Branches:
Dungeon (4/15)              Sewer (visited)
 Temple: D:4-7

Altars:

Annotations:
D:4 Pikel


Innate Abilities, Weirdness & Mutations

You cannot be hasted, slowed, berserked, paralysed or teleported.
You can dig through walls and to a lower floor.
You have a pair of large antennae on your head. (SInv)
Your four strong arms can wield two-handed weapons with a shield.


Message History

An orc priest comes into view. It is wielding a +0 club.
The goblin hits you but does no damage. The lemure hits you.
Unknown command.
Unknown command.
You tear a large gash into the net.
Pikel says, "You'll burn in Gehenna!"
The gnoll barely misses you. The gnoll hits you with a +0 spear.
The goblin hits you with a +0 dagger.
The orc hits you with a +0 mace of venom.
You are poisoned.
Unknown command.
You struggle against the net.
You feel very sick.
The gnoll hits you but does no damage. x2; The gnoll hits you with a +0 whip.
The gnoll barely misses you. The orc hits you but does no damage.
You are more poisoned.
The goblin hits you with a +0 dagger. The lemure hits you.
Unknown command.
You struggle against the net.
You feel very sick.
Pikel hits you with a +2 whip of flaming.
Pikel burns you. The goblin hits you with a +0 dagger.
The gnoll hits you but does no damage. x4; The orc hits you but does no damage.
You are more poisoned.
The lemure barely misses you.
Unknown command.
Unknown command.
You rip the net and break free!
* * * LOW HITPOINT WARNING * * *
You feel very sick. Pikel completely misses you.
The gnoll hits you but does no damage. The gnoll hits you with a +0 club.
* * * LOW HITPOINT WARNING * * *
The gnoll hits you with a +0 whip.
* * * LOW HITPOINT WARNING * * *
The gnoll hits you with a +0 spear.
* * * LOW HITPOINT WARNING * * *
The orc priest calls down the wrath of Beogh upon you.
Beogh smites you!
You die...

#..........
#.........#
#.........#
###.........#
...........#
#..55)....#
#.gKg......
#.5@g5....#
#..ogh.....
##go####...
...# . .o...
##.##. #. .
.. #.


You could see Pikel, 4 lemures, a hound, an orc priest, 4 gnolls, 2 orcs and a
goblin.

Vanquished Creatures
  A bullfrog (Sewer)
  A scorpion (D:3)
  3 gnolls (D:2)
  5 adders
  2 worms
  2 dart slugs
  2 orcs (D:3)
  9 endoplasms
  7 giant cockroaches
  4 goblins
  5 hobgoblins
  7 jackals
  9 quokkas
  10 ball pythons
  7 bats
  9 frilled lizards
  7 kobolds
  5 rats
95 creatures vanquished.

Notes
Turn   | Place    | Note
-------+----------+-------------------------------------------
     0 | D:1      | cforsyth the Formicid Fighter began the quest for the Orb.
     0 | D:1      | Reached XP level 1. HP: 18/18 MP: 1/1
   102 | D:1      | Reached XP level 2. HP: 24/24 MP: 2/2
   148 | D:1      | Found a faded altar of an unknown god.
   529 | D:1      | Reached XP level 3. HP: 29/30 MP: 3/3
  1349 | D:3      | Reached XP level 4. HP: 28/37 MP: 4/4
  1384 | D:3      | Noticed a scorpion
  1395 | D:3      | Killed a scorpion
  1396 | D:3      | Reached XP level 5. HP: 19/43 MP: 5/5
  1537 | D:3      | Found a glowing drain.
  1570 | Sewer    | Entered a sewer
  1871 | Sewer    | Reached XP level 6. HP: 49/49 MP: 6/6
  1995 | Sewer    | Reached skill level 5 in Maces & Flails
  2245 | D:3      | Reached skill level 5 in Fighting
  3130 | D:4      | Noticed Pikel
  3135 | D:4      | Killed from afar by an orc priest

Illustrated notes

Levels and vault maps discovered:
D:1:      dpeg_arrival_refuge, layout_basic, basic_ecumenical_altar,
          minmay_unequal
D:2:      layout_basic
D:3:      layout_loops_ring, cheibrodos_sewer_entry_bend
D:4:      layout_loops_cross, mainiacjoe_overflow_small_starburst,
          jmf_multi_god_temple, minmay_temple_entry_mini_moons, uniq_pikel,
          uniq_robin, uniq_blork_the_orc

Skill      XL: |  1  2  3  4  5  6 |
---------------+-------------------+-----
Maces & Flails | 3 4 5 |  5.5
Fighting       | 4 5 |  5.1
Armour         | |  3.2
Shields        | |  4.0

Action                     |  1- 3 |  4- 6 || total
---------------------------+-------+-------++-------
  Melee: Flail             |   113 |    25 ||   138
         Morningstar       |       |   147 ||   147
    Use: Scroll            |       |     3 ||     3
 Armour: Scale mail        |    23 |       ||    23
         Plate armour      |    51 |   130 ||   181
  Dodge: Dodged            |    39 |    62 ||   101
  Block: Buckler           |    40 |    61 ||   101

Table legend: (Time is in decaauts)
 A = Elapsed time spent in this place.
 B = Non-inter-level travel time spent in this place.
 C = Inter-level travel time spent in this place.
 D = Time resting spent in this place.
 E = Time spent auto-exploring this place.
 F = Levels seen in this place.
 G = Mean time per level.
                   A        B        C        D        E       F      G
               +--------+--------+--------+--------+--------+-----+--------+
         Total |   3290 |   3163 |    127 |     26 |   2167 |   5 |  658.0 |
       Dungeon |   2712 |   2585 |    127 |      0 |   1907 |   4 |  678.0 |
         Sewer |    578 |    578 |      0 |     26 |    260 |   1 |  578.0 |
               +--------+--------+--------+--------+--------+-----+--------+

Top non-repeatable levels by time:
     D:1: 1037 daAuts
     D:2: 839 daAuts
     D:3: 830 daAuts
   Sewer: 578 daAuts
     D:4: 4 daAuts
